AoeStats
← darador86

Pilgrims

508584738Analyzed
4v4 RM · 11d ago on Sep 23, 2026· 16m 24s· 8 players
Game mode
Random Map
Map size
Large (8 player)
Population
200
Speed
Normal
Resources
Standard
Victory
Conquest
Starting age
Dark Age
Ending age
Imperial Age
RankedLock teamsTeams togetherTeam positionsShared explorationLock speedFull tech treeHidden civsTurbo modeCheats
Victory
Defeat
🇨🇳 Koreans · China
994
+11
🇺🇸 Huns · United States
983
+11
🇨🇳 Burmese · China
982
+11
🇨🇳 Vietnamese · China
976
+12
974
-14
🇨🇳 Italians · China
901
-12
🇺🇸 Khmer · United States
893
-12
🇦🇷 Chinese · Argentina
745
-7
maximusthefirst
6:05 Loom
14:33 Feudal Age
15:50 Wheelbarrow
15:04 Double-Bit Axe
15:01 Horse Collar
darador86
我不会玩4加2
11:17 Feudal Age
10:19 Loom
11:53 Fishing Lines
12:17 Double-Bit Axe
14:03 Fletching
17:44 Castle Age
Manchuria lmuberjack
8:44 Loom
11:17 Feudal Age
18:37 Castle Age
sengfan
12:29 Feudal Age
11:43 Loom
16:54 Castle Age
15:18 Double-Bit Axe
阿兹特克的蛇
14:01 Feudal Age
18:45 Castle Age
陈先锋
10:17 Feudal Age
13:23 Town Watch
13:24 Loom
平A流
6:27 Loom
11:50 Feudal Age
12:50 Man-at-Arms
14:56 Double-Bit Axe
Connection lost

Rejoining the realm…

Still unreachable

The connection could not be restored.

Session expired

The server has moved on; the page needs a fresh start.